 Dungeon Crawl Stone Soup version 0.21.1-1-g345015f (webtiles) character file.

2120 diana the Slasher (level 9, -8/71 HPs)
             Began as a Demonspawn Gladiator on June 5, 2018.
             Was an Initiate of Gozag.
             Mangled by an orc warrior
             ... wielding a +0 trident
              (15 damage)
             ... on level 6 of the Dungeon.
             The game lasted 00:13:26 (5857 turns).

diana the Slasher (Demonspawn Gladiator)            Turns: 5857, Time: 00:13:27

Health: -8/71      AC:  6    Str: 18    XL:     9   Next: 8%
Magic:  9/9        EV: 22    Int:  9    God:    Gozag
Gold:   331        SH:  0    Dex: 24    Spells: 8/8 levels left

rFire    + . .     SeeInvis .   a - +0 long sword
rCold    + . .     Gourm    .   (no shield)
rNeg     . . .     Faith    .   b - +0 leather armour
rPois    .         Spirit   .   c - +0 helmet
rElec    .         Reflect  .   D - scarf {rC+ rF+}
rCorr    .         Harm     .   (no gloves)
MR       .....     Rnd*Rage +   g - +1 pair of boots
Stlth    +++.......             (no amulet)
HPRegen  0.21/turn              (no ring)
MPRegen  0.11/turn              (no ring)

@: agile, gold aura, berserk cooldown
A: hooves 1, thin skeletal structure 1, berserk 1, strong 1, rot immunity
a: Potion Petition, Call Merchant, Bribe Branch, Renounce Religion


You were on level 6 of the Dungeon.
You worshipped Gozag.
Gozag was aware of your devotion.
You were not hungry.

You visited 2 branches of the dungeon, and saw 7 of its levels.
You also visited: Ossuary.

You collected 402 gold pieces.
You paid 71 gold pieces to Gozag.

Inventory:

Hand Weapons
 a - a +0 long sword (weapon)
Missiles
 d - 3 throwing nets (quivered)
Armour
 b - a +0 leather armour (worn)
 c - a +0 helmet (worn)
 g - a +1 pair of boots (worn)
 D - a scarf of resistance (worn)
Jewellery
 l - a cursed -6 ring of evasion {unknown}
 q - an uncursed amulet of the gourmand {unknown}
 t - an uncursed ring of protection from cold {unknown}
 G - an uncursed ring of stealth {unknown}
Wands
 s - a wand of iceblast (8)
 A - a wand of enslavement (10)
 B - a wand of polymorph (11)
 C - a wand of clouds (6)
Scrolls
 h - 2 scrolls of fear {unknown}
 i - 3 scrolls of blinking {unknown}
 j - 2 scrolls of enchant weapon {unknown}
 k - 3 scrolls of enchant armour {unknown}
 n - 8 scrolls of identify {unknown}
 o - a scroll of random uselessness {unknown}
 p - 3 scrolls of remove curse {unknown}
 y - a scroll of amnesia {unknown}
 F - a scroll of teleportation
Potions
 e - 2 potions of agility
 m - a potion of resistance {unknown}
 u - 4 potions of curing {unknown}
 v - 2 potions of berserk rage {unknown}
 w - 2 potions of heal wounds {unknown}
 x - a potion of flight {unknown}
 z - a potion of ambrosia {unknown}
 E - a potion of cancellation {unknown}
Books
 r - a book of Necromancy

   Spells                             Type                      Level
   a - Pain                           Necromancy                   1
   b - Animate Skeleton               Necromancy                   1
   c - Vampiric Draining              Necromancy                   3
   d - Regeneration                   Charms/Necromancy            3
   e - Animate Dead                   Necromancy                   4
   f - Borgnjor's Vile Clutch         Necromancy/Earth             5
Comestibles
 f - 5 rations


   Skills:
 + Level 6.5 Fighting
 * Level 7.9 Long Blades
 - Level 1.7 Throwing
 + Level 6.3 Dodging


You had 8 spell levels left.
You didn't know any spells.

Dungeon Overview and Level Annotations

Branches:
Dungeon (6/15)             Temple (1/1) D:5

Altars:
Ashenzari
Cheibriados
Dithmenos
Elyvilon
Fedhas
Gozag
Hepliaklqana
Kikubaaqudgha
Makhleb
Nemelex Xobeh
Okawaru
Qazlal
Ru
Sif Muna
Trog
Uskayaw
Vehumet
Wu Jian
Yredelemnul
The Shining One

Shops:
D:4 :


Innate Abilities, Weirdness & Mutations

You have large cloven feet.
You have a somewhat thin skeletal structure. (Dex +2, Stealth)
You are immune to rotting.
You tend to lose your temper in combat.
Your muscles are strong. (Str +2)


Message History

The orc is almost dead.
You hit the orc.
You kill the orc!
The orc warrior hits you with a trident!
You are too injured to fight recklessly!
You are too injured to fight recklessly!
You closely miss the orc warrior.
The orc warrior is severely wounded.
The orc warrior closely misses you.
You hit the orc warrior.
The orc warrior is almost dead.
You hit the orc warrior but do no damage.
The orc warrior is almost dead.
The orc warrior hits you with a trident!!
* * * LOW HITPOINT WARNING * * *
It was a potion of agility.
You feel agile all of a sudden.
The orc warrior hits you with a trident!
You die...
Your body crumbles into a pile of gold.

.......................>####.#
.#.###<#########.###........#
#............####.#..........#
###.###.........#.#.#.#.####.##
######.#.##.#...#.#......
#..#.#..##......#
#..#.#..####.#### #o$#.#..# #.#
#@##.#..####.# #....#.......#
#......####### #.###### #.# ..#
####


You could see an orc warrior.

Vanquished Creatures
  The ghost of diana the Slasher, a novice DsGl of Ru (D:6)
  Sigmund (D:2)
  A water moccasin (D:5)
  A sky beast (D:5)
  An ice beast (D:5)
  A phantom (D:5)
  3 ogres
  2 water moccasin zombies (Ossuary)
  3 scorpions
  A howler monkey (D:4)
  2 crimson imps
  2 jellies
  A bullfrog skeleton (D:5)
  An orc priest (D:3)
  2 hounds
  An orc wizard (D:3)
  A centaur skeleton (D:4)
  Ijyb (D:4)
  3 big kobold zombies (Ossuary)
  A hound skeleton (D:5)
  2 mummies (Ossuary)
  4 gnolls (D:4)
  A river rat (D:4)
  A worker ant zombie (D:5)
  13 adders
  A shadow imp (D:5)
  An ooze (D:4)
  An adder skeleton (D:4)
  3 adder zombies (Ossuary)
  A worm (D:2)
  A dart slug (D:1)
  2 leopard geckos
  14 orcs
  4 bats
  2 giant cockroaches
  13 goblins
  3 hobgoblins
  10 jackals
  6 kobolds
  3 quokkas
  2 frilled lizards
  2 gnoll zombies (Ossuary)
  3 hobgoblin zombies (Ossuary)
  A jackal skeleton (D:5)
  6 kobold zombies (Ossuary)
  5 orc zombies (Ossuary)
  2 quokka skeletons (D:4)
  6 rats
143 creatures vanquished.

Notes
Turn   | Place    | Note
-------+----------+-------------------------------------------
     0 | D:1      | diana the Demonspawn Gladiator began the quest for the Orb.
     0 | D:1      | Reached XP level 1. HP: 16/16 MP: 1/1
    90 | D:1      | Gained mutation: You have large cloven feet. [demonic ancestry]
    90 | D:1      | Reached XP level 2. HP: 21/22 MP: 2/2
   116 | D:1      | Found an iron altar of Okawaru.
   238 | D:1      | Reached skill level 3 in Long Blades
   562 | D:2      | Found a sparkling altar of Nemelex Xobeh.
   566 | D:2      | Found a hazy altar of Hepliaklqana.
   568 | D:2      | Found a shattered altar of Ashenzari.
   659 | D:2      | Gained mutation: You have a somewhat thin skeletal structure. (Dex +2, Stealth) [demonic ancestry]
   659 | D:2      | Reached XP level 3. HP: 19/28 MP: 3/3
  1025 | D:2      | Found a shattered altar of Ashenzari.
  1169 | D:2      | Noticed Sigmund
  1202 | D:2      | Gained mutation: You tend to lose your temper in combat. [potion of mutation]
  1202 | D:2      | Gained mutation: Your muscles are strong. (Str +2) [potion of mutation]
  1205 | D:2      | Killed Sigmund
  1205 | D:2      | Reached skill level 4 in Long Blades
  1205 | D:2      | Reached XP level 4. HP: 6/37 MP: 4/4
  1205 | D:2      | Gained mutation: You are immune to rotting. [demonic ancestry]
  1205 | D:2      | Reached XP level 5. HP: 7/42 MP: 5/5
  1308 | D:2      | Found a radiant altar of Vehumet.
  1842 | D:3      | Reached XP level 6. HP: 30/48 MP: 6/6
  2686 | D:4      | Noticed Ijyb
  2733 | D:4      | Reached XP level 7. HP: 16/55 MP: 7/7
  2736 | D:4      | Found a sand-covered staircase.
  2752 | Ossuary  | Entered an ossuary
  2994 | Ossuary  | Reached skill level 5 in Long Blades
  3391 | D:4      | Killed Ijyb
  3464 | D:4      | Reached skill level 5 in Dodging
  3704 | D:4      | Reached skill level 5 in Fighting
  4044 | D:4      | Found Pihao's Book Shop.
  4112 | D:4      | Reached skill level 6 in Long Blades
  4263 | D:5      | Entered Level 5 of the Dungeon
  4272 | D:5      | Reached XP level 8. HP: 62/62 MP: 8/8
  4300 | D:5      | Found a staircase to the Ecumenical Temple.
  4328 | Temple   | Entered the Ecumenical Temple
  4581 | Temple   | Became a worshipper of Gozag Ym Sagoz the Greedy
  5346 | D:5      | Reached skill level 7 in Long Blades
  5742 | D:6      | Noticed diana's ghost (novice DsGl)
  5760 | D:6      | Killed diana's ghost
  5760 | D:6      | Reached XP level 9. HP: 50/71 MP: 9/9
  5857 | D:6      | Mangled by an orc warrior

Skill      XL: |  1  2  3  4  5  6  7  8 |
---------------+-------------------------+-----
Long Blades    | 3 4 6 7 |  7.9
Dodging        | 3 4 5 6 |  6.3
Fighting       | 3 4 5 6 |  6.5
Throwing       | |  1.7

Action                   |  1- 3 |  4- 6 |  7- 9 || total
-------------------------+-------+-------+-------++-------
Melee: Long sword        |    69 |   125 |   379 ||   573
       Kick              |    14 |     1 |       ||    15
  Use: Potion            |     4 |     1 |     1 ||     6
       Scroll            |       |     1 |     1 ||     2
 Stab: Sleeping          |     1 |     4 |     7 ||    12
       Distracted        |       |       |     1 ||     1
  Eat: Chunk             |       |     6 |     5 ||    11
       Ration            |       |       |     2 ||     2
Armor: Leather armour    |    14 |    43 |    90 ||   147
       Skin              |    33 |       |       ||    33
Dodge: Dodged            |    42 |   116 |   315 ||   473
       Rpst.: Long sword |    19 |    30 |    99 ||   148
